Map: Neon Violet Square LE

Players

Benirons

  • Race: Terran Terran
  • League: Gold
  • Spawn Location: 11:00

Azov - Winner!

  • Race: Protoss Protoss
  • Spawn Location: 5:00

VOD

Have the link to the VOD?

Description

Time

  • Played on: Feb. 3, 2018, 7:26 p.m.
  • Length: 16:12
Show
View Real Time Build Order
Export as new Build Order

Benirons Terran 

Build Orders: Reaper Expand, MMM Bio 

Get SALT Encoding   

  12  0:01  SCV  
  13  0:14  SCV  
  13  0:18  Supply Depot  
  14  0:26  SCV  
  15  0:40  SCV  
  15  0:42  Barracks  
  16  0:57  SCV  
  16  1:00  Refinery  
  17  1:09  SCV  
  18  1:21  SCV  
  19  1:37  Orbital Command  
  19  1:44  Command Center  
  19  1:52  Reaper  
  20  1:54  Supply Depot  
  20  2:05  SCV  
  21  2:11  Barracks  
  21  2:18  SCV  
  21  2:21  Refinery  
  22  2:26  Barracks Reactor  
  22  2:33  SCV  
  23  2:46  Factory  
  23  2:51  SCV  
  24  2:59  Orbital Command  
  24  3:03  SCV  
  25  3:10  Marine x2  
  25  3:11  Barracks Tech Lab  
  27  3:19  SCV  
  28  3:26  SCV  
  29  3:29  Marine x2  
  29  3:31  Stimpack  
  29  3:32  Starport  
  31  3:38  Factory Reactor  
  31  3:39  SCV  
  31  3:40  SCV  
  33  3:42  Marine  
  33  3:47  Marine  
  35  3:54  SCV x2  
  35  3:55  Marine  
  37  4:05  Marine x2  
  37  4:07  SCV x2  
  41  4:21  Marine  
  41  4:22  SCV  
  41  4:23  Supply Depot, SCV  
  44  4:25  Medivac  
  44  4:29  Supply Depot  
  46  4:33  Medivac, Marine x2  
  46  4:34  SCV  
  51  4:42  SCV  
  52  4:47  SCV  
  52  4:51  Engineering Bay  
  52  4:52  Engineering Bay  
  53  4:55  SCV, Marine  
  53  4:56  Marine x2  
  53  4:58  Supply Depot  
  57  5:00  Supply Depot  
  57  5:08  SCV x2  
  57  5:12  Medivac, Viking  
  63  5:28  Supply Depot  
  63  5:30  Supply Depot, Marine  
  63  5:31  Combat Shields, Marine x2  
  66  5:40  SCV x2  
  68  5:43  Refinery x2  
  68  6:01  SCV  
  68  6:02  SCV  
  68  6:03  Marine x3  
  73  6:11  Supply Depot  
  73  6:12  Terran Infantry Armor Level 1, Terran Infantry Weapons Level 1  
  73  6:13  Supply Depot  
  73  6:14  Command Center  
  73  6:18  SCV  
  73  6:19  SCV  
  73  6:20  Marine  
  76  6:30  Marine x2  
  78  6:43  Liberator x2  
  74  6:49  Marine x3  
  76  6:56  Barracks  
  76  6:58  Supply Depot, Barracks  
  76  6:59  Supply Depot  
  76  7:00  Barracks  
  82  7:07  Marine  
  83  7:11  Armory  
  83  7:13  Armory  
  83  7:16  Marine x2  
  83  7:19  SCV x2  
  87  7:35  SCV x2  
  89  7:37  Sensor Tower  
  88  7:49  Marine x3  
  88  7:59  Liberator  
  88  8:04  Barracks Reactor  
  88  8:05  Barracks Reactor x2  
  88  8:06  Marine x2  
  88  8:07  Terran Infantry Weapons Level 2, Terran Infantry Armor Level 2, Marine  
  88  8:10  Terran Vehicle And Ship Armor Level 1  
  88  8:11  Terran Ship Weapons Level 1  
  91  8:12  Orbital Command  
  94  8:30  Marine x2  
  94  8:31  Marine  
  97  8:35  Supply Depot  
  97  8:39  Supply Depot  
  97  8:50  Marauder, Marine x6  
  97  8:51  Marine x2  
  97  8:54  Concussive Shells  
  107  9:02  Medivac x2  
  111  9:09  Orbital Command  
  111  9:13  Marauder, Marine x4  
  111  9:14  Marine x4  
  121  9:18  SCV x2  
  123  9:33  Factory Reactor  
  123  9:35  Marauder  
  125  9:40  SCV x3  
  125  9:43  Liberator, Marine  
  125  9:44  Marine x6  
  125  9:45  Marine  
  136  9:49  Supply Depot  
  136  9:50  Supply Depot  
  136  9:54  SCV x2  
  136  9:55  SCV  
  136  9:59  Marauder  
  141  10:00  Medivac  
  141  10:04  Marine x6  
  141  10:05  Marine x2  
  154  10:08  Terran Vehicle And Ship Armor Level 2, Terran Ship Weapons Level 2  
  154  10:14  SCV x3  
  157  10:23  Marine x6  
  157  10:24  Marine x2  
  157  10:26  Marauder  
  157  10:27  Widow Mine x2  
  171  10:28  SCV  
  171  10:31  SCV x2  
  174  10:49  Marauder, Marine x5  
  181  11:08  Supply Depot  
  181  11:09  Supply Depot  
  181  11:10  Liberator x2  
  181  11:25  SCV x2, Marine x3  
  181  11:26  SCV  
  181  11:27  Widow Mine x2  
  130  11:51  Marine x4  
  130  11:52  Marauder, Marine x4  
  130  11:53  Widow Mine x2  
  138  12:00  Fusion Core  
  136  12:02  Starport  
  134  12:22  Marine x5  
  133  12:23  Marauder, Marine x3  
  133  12:25  Viking x2  
  145  12:34  Refinery x2  
  145  12:36  Terran Infantry Weapons Level 3  
  145  12:37  Terran Infantry Armor Level 3  
  145  12:40  Marine  
  145  12:42  Terran Ship Weapons Level 3  
  145  12:43  Marine  
  147  12:44  Marine x5  
  147  12:45  Marine x2  
  154  13:12  Refinery  
  154  13:15  Command Center  
  154  13:16  Refinery  
  154  13:18  Marine x3  
  154  13:19  Marine x5  
  162  13:20  Marine  
  162  13:23  Viking  
  162  13:24  Viking  
  162  13:26  Starport Tech Lab  
  167  13:27  Missile Turret  
  167  13:28  Missile Turret  
  153  13:57  Marine  
  153  13:58  Marine x8  
  99  14:15  Marine  
  99  14:16  Marine x2  
  78  14:17  Marauder  
  75  14:27  Viking x2  
  75  14:28  Viking  
  81  14:41  Marine  
  81  14:42  Marine x5  
  87  14:52  Marine x3  
  80  15:04  Viking x3, Marine  
  80  15:05  Marine x5  
  92  15:10  Marine  
  93  15:23  Orbital Command  
  93  15:31  Marine x7  
Show
View Real Time Build Order
Export as new Build Order

Azov Protoss - Winner!

Build Orders: 1 Gate Expand 

Get SALT Encoding   

  12  0:02  Probe  
  13  0:14  Probe  
  14  0:22  Pylon  
  14  0:26  Probe  
  15  0:40  Probe  
  16  0:52  Gateway  
  16  0:53  Probe  
  17  1:14  Nexus  
  17  1:18  Probe  
  18  1:30  Probe  
  18  1:32  Assimilator  
  19  1:42  Probe  
  19  1:43  Cybernetics Core  
  20  1:52  Pylon  
  20  1:55  Probe  
  21  2:07  Warp Gate (Chrono Boost)  
  21  2:08  Probe (Chrono Boost)  
  22  2:12  Pylon  
  22  2:20  Probe (Chrono Boost)  
  23  2:26  Probe (Chrono Boost), Gateway  
  23  2:29  Assimilator  
  24  2:32  Stalker  
  26  2:37  Probe (Chrono Boost)  
  26  2:42  Probe (Chrono Boost)  
  28  2:49  Probe (Chrono Boost)  
  30  2:53  Probe (Chrono Boost), Gateway  
  30  2:54  Probe (Chrono Boost)  
  30  3:10  Probe (Chrono Boost)  
  32  3:14  Adept  
  32  3:16  Probe (Chrono Boost)  
  35  3:20  Probe (Chrono Boost)  
  35  3:23  Probe (Chrono Boost)  
  35  3:25  Probe (Chrono Boost)  
  37  3:34  Probe  
  37  3:36  Twilight Council, Probe  
  37  3:39  Pylon  
  39  3:46  Probe  
  40  3:49  Probe  
  41  4:11  Gateway  
  41  4:12  Gateway  
  41  4:16  Charge (Chrono Boost)  
  41  4:19  Stalker  
  41  4:20  Zealot  
  41  4:22  Nexus  
  41  4:24  Probe x2  
  47  4:32  Pylon  
  47  4:34  Pylon  
  47  4:36  Probe x2  
  49  4:48  Probe x2  
  51  4:53  Stalker x2  
  51  4:56  Adept  
  57  5:03  Probe x2  
  59  5:11  Assimilator  
  59  5:15  Assimilator  
  59  5:17  Pylon  
  59  5:18  Probe x2  
  61  5:23  Templar Archives  
  61  5:31  Probe x2 (Chrono Boost)  
  61  5:34  Robotics Facility  
  63  5:36  Probe (Chrono Boost)  
  63  5:38  Pylon  
  63  5:40  Pylon  
  66  5:43  Probe x2 (Chrono Boost), Pylon  
  66  5:46  Probe (Chrono Boost)  
  66  5:48  Probe (Chrono Boost)  
  66  5:51  Pylon  
  66  5:54  Pylon, Zealot  
  66  5:55  Zealot  
  66  5:56  Stalker x2  
  74  5:58  Sentry  
  74  6:00  Probe  
  74  6:01  Probe  
  74  6:03  Probe  
  79  6:06  Shield Battery  
  79  6:12  Probe  
  79  6:13  Probe  
  79  6:14  Psionic Storm  
  79  6:15  Probe  
  82  6:25  Probe x2  
  84  6:26  Observer  
  84  6:27  Probe  
  76  6:32  Zealot  
  76  6:33  Zealot x3  
  76  6:37  Probe  
  78  6:47  Observer, Forge  
  78  6:50  Forge, Zealot  
  81  6:54  Zealot x2  
  81  6:56  Probe x3 (Chrono Boost)  
  91  7:08  Probe x3 (Chrono Boost)  
  91  7:12  Zealot  
  91  7:13  Probe x2 (Chrono Boost)  
  91  7:14  Probe (Chrono Boost)  
  96  7:23  Pylon  
  96  7:24  Observer  
  97  7:36  Zealot x4  
  105  7:37  Zealot  
  105  7:59  Probe x2  
  105  8:00  Stargate, Probe  
  105  8:01  Assimilator  
  105  8:02  Stargate, Assimilator  
  108  8:11  Nexus  
  108  8:13  Assimilator  
  108  8:14  Pylon  
  108  8:17  High Templar x5  
  108  8:18  Assimilator  
  108  8:19  Pylon  
  118  8:23  Protoss Ground Weapons Level 1 (Chrono Boost)  
  118  8:25  Protoss Ground Armor Level 1 (Chrono Boost)  
  118  8:31  Robotics Bay  
  118  8:33  Gateway  
  118  8:35  Gateway  
  118  8:37  Archon x2  
  118  8:48  Void Ray  
  122  9:03  Gateway  
  122  9:04  Photon Cannon, Gateway  
  122  9:05  Photon Cannon  
  122  9:07  Pylon, Gateway, Probe x2  
  122  9:08  Probe  
  125  9:12  High Templar  
  125  9:13  High Templar  
  129  9:30  Extended Thermal Lance (Chrono Boost), Fleet Beacon  
  129  9:33  Pylon  
  129  9:38  Pylon  
  129  9:49  Probe x3  
  129  9:50  Probe  
  133  9:58  Colossus (Chrono Boost)  
  133  10:03  Protoss Ground Weapons Level 2, Protoss Ground Armor Level 2  
  139  10:13  Graviton Catapult  
  139  10:19  Nexus  
  139  10:21  Pylon  
  139  10:23  Pylon  
  139  10:26  Tempest  
  139  10:27  Pylon  
  139  10:30  Pylon  
  145  10:40  Colossus (Chrono Boost)  
  145  10:42  Carrier  
  145  10:43  Zealot  
  145  10:44  Zealot x5  
  167  11:08  Mothership (Chrono Boost)  
  175  11:16  Resonating Glaives  
  175  11:19  Carrier (Chrono Boost)  
  175  11:20  Anion Pulse-Crystals  
  177  11:31  Stalker x3  
  146  11:41  Stalker  
  146  11:42  Stalker x2  
  150  11:52  Zealot x4  
  158  12:02  High Templar  
  158  12:03  High Templar x2  
  158  12:04  Probe x3  
  167  12:10  Carrier (Chrono Boost)  
  163  12:16  Probe x2  
  167  12:30  High Templar x2  
  167  12:32  Carrier (Chrono Boost)  
  171  12:38  Probe (Chrono Boost)  
  171  12:40  Protoss Ground Weapons Level 3 (Chrono Boost)  
  171  12:42  Protoss Shields Level 1 (Chrono Boost)  
  178  12:45  Protoss Air Weapons Level 1 (Chrono Boost)  
  178  12:48  Probe (Chrono Boost)  
  179  12:53  Probe (Chrono Boost)  
  179  12:56  Colossus  
  186  12:59  Zealot x3  
  186  13:04  Probe  
  193  13:06  Zealot x3  
  199  13:16  Probe  
  200  13:22  Nexus  
  200  13:30  Pylon  
  200  13:32  Pylon  
  164  14:07  Archon x2  
  164  14:09  Zealot x3  
  170  14:10  Zealot x7  
  177  14:37  High Templar x3  
  177  14:38  High Templar x7  
  193  14:55  Pylon  
  193  14:57  Pylon  
  193  14:58  Pylon  
  193  14:59  Pylon x2  
  179  15:00  Pylon, Archon x3  
  179  15:01  Archon  
  179  15:02  Pylon, Archon  
  179  15:05  Pylon  
  179  15:06  Pylon  
  179  15:08  Pylon  
  179  15:09  Pylon  
  179  15:12  Pylon  
  179  15:14  Nexus  
  179  15:17  Pylon, Cybernetics Core  
  179  15:29  High Templar  
  179  15:30  High Templar x4  
  179  15:32  High Templar  
  179  15:33  High Templar  
  179  15:34  High Templar  
  195  15:41  Archon  
  195  15:42  Archon  
  195  15:44  Archon  
  195  15:47  Archon  
Tags
 
Add a new tag
Caveats
  • Supply blocks, unpowered buildings, or Contaminate may cause inaccurate times.
  • Supply counts are checked every 10 seconds.